 Dungeon Crawl Stone Soup version 0.30-a0-272-gf98c3da03f (webtiles) character file.

Game seed: 17423870667927333562

2 freelancePsychic the Cutter (level 1, -1/12 HPs)
             Began as a Kobold Gladiator on Oct 15, 2022.
             Slain by a kobold
             ... wielding a +0 short sword
              (4 damage)
             ... on level 1 of the Dungeon.
             The game lasted 00:00:21 (48 turns).

freelancePsychic the Cutter (Kobold Gladiator)        Turns: 48, Time: 00:00:22

Health: -1/12      AC:  4    Str: 11    XL:     1   Next: 44%
Magic:  1/1        EV: 15    Int:  9    God:
Gold:   0          SH:  0    Dex: 16    Spells: 0/0 levels left

rFire   . . .      SeeInvis .    a - +0 rapier
rCold   . . .      Faith    .    (no shield)
rNeg    . . .      Spirit   .    b - +0 leather armour
rPois   .          Reflect  .    c - +0 helmet
rElec   .          Harm     .    (no cloak)
rCorr   .          Rampage  .    (no gloves)
Will    .....                    (no boots)
Stlth   ++........               (no amulet)
HPRegen 0.22/turn                (no ring)
MPRegen 0.07/turn                (no ring)

@: no status effects
A: small, no large weapons, nightstalker 3
a: no special abilities


You were on level 1 of the Dungeon.
You visited 1 branch of the dungeon, and saw 1 of its levels.

Inventory:

Hand Weapons
 a - a +0 rapier (weapon)
Missiles
 d - 3 throwing nets (quivered)
 e - 2 boomerangs
Armour
 b - a +0 leather armour (worn)
 c - a +0 helmet (worn)
Potions
 g - a potion of brilliance {unknown}


   Skills:
 + Level 2.2 Fighting
 * Level 4.1 Short Blades
 - Level 2.1 Throwing
 - Level 3.6 Dodging
 * Level 0.6 Stealth


You couldn't memorise any spells.
You didn't know any spells.
Your spell library was empty.

Dungeon Overview and Level Annotations

Branches:
Dungeon (1/15)

Altars:


Innate Abilities, Weirdness & Mutations

You are small and have problems with some larger weapons.
You are completely attuned to the shadows.


Message History

You are too injured to fight recklessly!
You are too injured to fight recklessly!
You are too injured to fight recklessly!
You are too injured to fight recklessly!
You are too injured to fight recklessly!
You are too injured to fight recklessly!
You are too injured to fight recklessly!
You are too injured to fight recklessly!
You are too injured to fight recklessly!
You are too injured to fight recklessly!
You are too injured to fight recklessly!
You hit the bat.
The bat is moderately wounded.
The bat misses you. x2
A goblin comes into view. It is wielding a +0 club.
The goblin misses you. The kobold misses you.
The goblin attacks as you move away! The goblin closely misses you.
The bat misses you.
As you read the scroll labelled DIAQASY YSIAL, it crumbles to dust.
The creatures around you are filled with an inner flame!
It was a scroll of immolation.
The kobold hits you with a +0 short sword.
The hobgoblin completely misses you. The goblin hits you with a +0 dagger.
The goblin attacks as you move away! The goblin closely misses you.
The bat closely misses you. The hobgoblin attacks as you move away!
The hobgoblin hits you. The bat attacks as you move away!
The bat hits you but does no damage. The bat misses you.
The hobgoblin attacks as you move away! The hobgoblin misses you.
The kobold attacks as you move away! The kobold misses you.
The bat hits you but does no damage. The hobgoblin attacks as you move away!
The hobgoblin hits you.
* * * LOW HITPOINT WARNING * * *
The bat hits you but does no damage. The bat barely misses you.
The hobgoblin attacks as you move away! The hobgoblin barely misses you.
The bat attacks as you move away! The bat hits you but does no damage.
The bat misses you. The kobold attacks as you move away!
The kobold hits you with a +0 short sword.
You die...

...........
.......#....
..##.).......
..............
...............
.....#.........
.........g.....
........gbK....
.....#####@..#
...............
......#########
.....## ##.###
.....# ###....##
#....# ##.......##
#....###.........##
#...)##....~~~....#
#....#....~...~....


You could see a hobgoblin (inner flame), a goblin (inner flame), a bat (inner
flame) and a kobold (inner flame).

Vanquished Creatures
  A goblin (D:1)
  A hobgoblin (D:1)
2 creatures vanquished.

Notes
Turn   | Place    | Note
-------+----------+-------------------------------------------
     0 | D:1      | freelancePsychic the Kobold Gladiator began the quest for
                  | the Orb.
     0 | D:1      | Reached XP level 1. HP: 12/12 MP: 1/1
    48 | D:1      | Slain by a kobold

Illustrated notes

Levels and vault maps discovered:
D:1:      enne_arrival_octagon_isle, layout_rooms,
          shapermc_ecumenical_altar_rom_forum

Action                   || total
-------------------------++-------
Melee: Rapier            ||     8
  Use: Scroll            ||     1
Armor: Leather armour    ||     6
Dodge: Dodged            ||    22

Table legend: (Time is in decaauts)
 A = Elapsed time spent in this place.
 B = Non-inter-level travel time spent in this place.
 C = Inter-level travel time spent in this place.
 D = Time resting spent in this place.
 E = Time spent auto-exploring this place.
 F = Levels seen in this place.
 G = Mean time per level.
                   A        B        C        D        E       F      G
               +--------+--------+--------+--------+--------+-----+--------+
         Total |     48 |     48 |      0 |      0 |     28 |   1 |   48.0 |
       Dungeon |     48 |     48 |      0 |      0 |     28 |   1 |   48.0 |
               +--------+--------+--------+--------+--------+-----+--------+

Top non-repeatable levels by time:
     D:1: 48 daAuts
